 Dungeon Crawl Stone Soup version 0.20.1-1-g8b1a95d (webtiles) character file.

617344 renl the Conqueror (level 27, -6/256 HPs)
             Began as a Formicid Fighter on July 24, 2017.
             Was the Champion of Qazlal.
             Mangled by an azure jelly (34 damage)
             ... created by the Royal Jelly
             ... on level 5 of the Pits of Slime on July 30, 2017.
             The game lasted 08:58:58 (60656 turns).

renl the Conqueror (Formicid Fighter)              Turns: 60656, Time: 08:58:58

Health: -6/256     AC: 41    Str: 32    XL:     27
Magic:  17/35      EV: 13    Int: 13    God:    Qazlal [******]
Gold:   7162       SH: 26    Dex: 10    Spells: 26/26 levels left

rFire    + + .     SeeInvis +   a - +5 great sword (protect)
rCold    + . .     Gourm    .   H - +0 shield {reflect}
rNeg     + + .     Faith    .   Q - +6 plate armour of the Snake Pit {+Fly rN+ Str+3}
rPois    .         Spirit   .   (helmet unavailable)
rElec    .         Reflect  +   m - +0 cloak
rCorr    +         Harm     .   o - +0 pair of gloves of Sloth {rN+ Slay+3}
MR       +++..                  B - +1 pair of boots of Odwoahih {*Contam rF++}
Stlth    ..........             J - +5 amulet of reflection
Regen    0.0/turn               n - ring of resist corrosion
MPRegen  0.3/turn               z - ring of protection from magic

@: protected from cold, protection aura, non-regenerating, diseased, repel
missiles
A: permanent stasis, dig shafts and tunnels, four strong arms, antennae 3,
rugged brown scales 1, clever 1, low mp 1, inhibited regeneration, weak 1
}: 3/15 runes: barnacled, silver, gossamer
a: Dig, Shaft Self, Upheaval, Elemental Force, Disaster Area, Renounce Religion,
Evoke Flight


You were on level 5 of the Pits of Slime.
You worshipped Qazlal.
Qazlal was exalted by your worship.
You were hungry.

You visited 10 branches of the dungeon, and saw 50 of its levels.
You visited the Abyss 1 time.
You visited 1 bazaar.
You also visited: Ossuary and Ice Cave.

You collected 7322 gold pieces.
You spent 160 gold pieces at shops.

Inventory:

Hand Weapons
 a - a +5 great sword of protection (weapon)
 b - a +2 great sword of flaming
 c - a +1 great sword of holy wrath
Missiles
 j - 3 tomahawks (quivered)
Armour
 m - a +0 cloak (worn)
 o - the +0 pair of gloves of Sloth (worn) {rN+ Slay+3}
   (You found it on level 5 of the Vaults)

   It affects your accuracy and damage with ranged weapons and melee attacks
   (+3).
   It protects you from negative energy.
 B - the +1 pair of boots of Odwoahih (worn) {*Contam rF++}
   (You found it on level 3 of the Elven Halls)

   It greatly protects you from fire.
   It causes magical contamination when unequipped.
 H - a +0 shield of reflection (worn)
 Q - the +6 plate armour of the Snake Pit (worn) {+Fly rN+ Str+3}
   (You found it on level 3 of the Shoals)

   It affects your strength (+3).
   It protects you from negative energy.
   It lets you fly.
Jewellery
 h - a +5 ring of protection
 n - a ring of resist corrosion (left hand)
 t - the amulet of Rat Fyho {rF+ Regen+}
   (You took it off a deep elf demonologist on level 5 of the Vaults)

   [amulet of regeneration]

   It protects you from fire.
   It increases your rate of regeneration.
 u - an uncursed ring of protection from cold
 y - an uncursed amulet of the gourmand
 z - a ring of protection from magic (right hand)
 J - a +5 amulet of reflection (around neck)
 P - an uncursed ring of protection from fire
 T - the macabre finger necklace {rN+}
   (You took it off a vampire knight on level 2 of the Depths)

   [amulet of nothing]

   It protects you from negative energy.
 W - a +4 ring of evasion
Scrolls
 e - 13 scrolls of remove curse
 i - 37 scrolls of identify
 k - 6 scrolls of acquirement
 r - 3 scrolls of enchant weapon
 F - 6 scrolls of fear
 G - 2 scrolls of magic mapping
 L - 4 scrolls of enchant armour
 U - a scroll of brand weapon
Potions
 d - 2 potions of might
 l - 6 potions of mutation
 q - 2 potions of cancellation
 v - 14 potions of curing
 w - a potion of ambrosia
 x - 4 potions of invisibility
 N - 4 potions of flight
 Z - a potion of resistance
Miscellaneous
 A - a lamp of fire
 E - a lightning rod (4/4)
 M - 5 boxes of beasts
 R - 6 sacks of spiders
 S - a phial of floods
 X - a fan of gales
 Y - 2 phantom mirrors
Comestibles
 f - 34 bread rations
 g - 26 royal jellies
 p - 25 meat rations
 s - 24 fruits


   Skills:
 O Level 27 Fighting
 - Level 21.3 Long Blades
 + Level 23.1 Armour
 + Level 10.6 Dodging
 - Level 10.2 Shields
 * Level 25.2 Invocations
 + Level 5.3 Evocations


You had 26 spell levels left.
You didn't know any spells.

Dungeon Overview and Level Annotations

Branches:
Dungeon (15/15)            Temple (1/1) D:4            Lair (6/6) D:11
 Shoals (4/4) Lair:4       Spider (4/4) Lair:2        Slime (5/5) Lair:5
    Orc (2/2) D:9             Elf (3/3) Orc:2        Vaults (5/5) D:13
  Crypt (0/3) Vaults:2     Depths (5/5) D:15            Zot (0/5) Depths:5

Altars:
Ashenzari
Cheibriados
Dithmenos
Elyvilon
Fedhas
Gozag
Hepliaklqana
Kikubaaqudgha
Makhleb
Nemelex Xobeh
Okawaru
Qazlal
Ru
Sif Muna
Trog
Uskayaw
Vehumet
Xom
Yredelemnul
Zin
The Shining One
Jiyva

Shops:
D:4 [   D:5 [   D:7 *?!   D:10 (   D:15 [   Orc:2 !*:(   Elf:3 [   Shoals:4 %(
Vaults:2 %   Vaults:3 (   Vaults:4 [   Depths:1 %

Portals:
Hell: Depths:1 Depths:2 Depths:3 Depths:4 Depths:5
Abyss: Depths:3 Depths:4 Depths:5
Pandemonium: Depths:3
Ziggurat: Depths:2
Trove: Elf:1 (show abyssal rune of Zot)


Innate Abilities, Weirdness & Mutations

You cannot be hasted, slowed, berserked, paralysed or teleported.
You can dig through walls and to a lower floor.
Your four strong arms can wield two-handed weapons with a shield.
You have a pair of large antennae on your head. (SInv)
You are partially covered in rugged brown scales. (AC +1, +3% HP)
Your mind is acute. (Int +2)
Your magical capacity is low. (-10% MP)
You do not regenerate when monsters are visible.
You are weak. (Str -2)


Message History

You block the azure jelly's attack. x2
The azure jelly hits you but does no damage.
You block the azure jelly's attack. x2
The azure jelly hits you but does no damage.
You block the azure jelly's attack.
The azure jelly hits you but does no damage.
The acid blob misses you.
You riposte.
You slice the acid blob like a ripe choko!!!
The acid blob is almost dead.
The death ooze barely misses you. You block the death ooze's attack.
The acid blob spits acid at you. The splash of acid hits you!
You are splashed with acid!
The acid burns!
You resist.
* * * LOW HITPOINT WARNING * * *
You feel much better. The azure jelly hits you.
* * * LOW HITPOINT WARNING * * *
The azure jelly freezes you!!
Your resistance to physical damage fades away.
You feel protected from cold.
You die...

......................
......................
............≈.........
..........≈.≈≈≈.§..≈..
......≈.≈....≈≈≈§.§...
............≈.≈≈....§§
......≈..≈≈.≈§§.§§§≈≈.
...........§JJ§§.≈≈≈≈
......≈..≈...@JJ§..§.
##...≈.≈..§JJJ.§≈.≈#
###.#..≈..§......##
###.#....#.....#
##..###...#### ###
##.# ##


You could see 3 acid blobs, 2 azure jellies and 2 death oozes.

Vanquished Creatures
  the Royal Jelly (Slime:5)
  The ghost of kinenseiburu the Orcish Barricade, a legendary HOMo of Uskayaw (Depths:5)
  2 ancient liches
  Bai Suzhen (Spider:4)
  Frederick (Vaults:2)
  Xtahua (Depths:3)
  Saint Roka (Depths:4)
  2 caustic shrikes (Depths:2)
  2 golden dragons (Vaults:5)
  The ghost of Wingnut the Slayer, an adept HOFi of Gozag (Vaults:3)
  3 liches
  Arachne (Spider:4)
  Jorgrun (Depths:5)
  6 tentacled monstrosities
  3 quicksilver dragons
  3 titans
  A deep elf master archer (Elf:3)
  6 deep elf blademasters
  29 acid blobs
  Asterion (Spider:2)
  Polyphemus (Shoals:4)
  Frances (Spider:1)
  2 krakens (Shoals:3)
  Agnes (Spider:1)
  2 sphinxes
  Kirke (Spider:1)
  8 shadow dragons
  3 storm dragons
  Ilsuiw (Shoals:3)
  Donald (Spider:4)
  5 tengu reavers
  A revenant (Vaults:2)
  12 azure jellies
  7 fire giants
  6 nagarajas (Depths:1)
  6 ghost moths
  A draconian knight (Depths:5)
  5 deep elf sorcerers (Elf:3)
  The ghost of Zdeegee the Severer, a journeyman MiFi of Qazlal (Spider:4)
  2 orc warlords
  15 frost giants
  21 vault wardens
  Aizul (Shoals:4)
  Louise (Shoals:3)
  3 emperor scorpions (Spider:4)
  7 deep elf elementalists
  16 ironheart preservers
  4 spriggan defenders
  2 ghouls
  2 war gargoyles (Vaults:4)
  12 very ugly things
  6 entropy weavers
  20 stone giants
  10 deep elf demonologists
  5 deep elf annihilators
  5 vampire knights
  12 spark wasps
  2 yellow draconians (Depths:5)
  2 purple draconians (Depths:5)
  7 deep elf death magi
  21 ettins
  Snorg (D:13)
  A blizzard demon (Depths:5)
  10 fire dragons
  13 ogre magi
  8 yaktaur captains
  9 death oozes
  7 merfolk javelineers
  4 deep elf high priests
  A crystal guardian (Vaults:4)
  10 merfolk impalers
  Josephine (D:10)
  18 great orbs of eyes
  A servant of whispers (Elf:1)
  Fannar (Lair:2)
  38 vault guards
  2 naga warriors (Depths:1)
  17 ice dragons
  A quicksilver dragon skeleton (Depths:4)
  6 rakshasas
  7 hydras
  2 catoblepae
  7 death knights
  2 merfolk avatars
  2 ice dragons (shapeshifter)
  2 anacondas (Depths:1)
  10 merfolk aquamancers
  10 centaur warriors
  49 two-headed ogres
  7 spriggan air magi
  An anaconda (shapeshifter) (Depths:2)
  3 alligator snapping turtles
  A two-headed ogre (shapeshifter) (Vaults:3)
  A queen ant (Spider:1)
  Urug (D:12)
  12 deep troll shamans
  2 vampire magi
  6 death yaks
  16 deep troll earth magi
  2 satyrs
  7 spriggan berserkers
  13 tengu warriors
  27 dancing weapons
  An orc high priest (Orc:1)
  Sonja (D:13)
  34 deep elf knights
  A fire crab (shapeshifter) (Vaults:5)
  A soul eater (Vaults:2)
  5 iron trolls
  A fire crab (Lair:6)
  15 hell knights
  15 skeletal warriors
  7 unseen horrors
  11 sea snakes
  5 flayed ghosts
  A swamp dragon (Lair:6)
  3 glowing orange brains
  43 deep trolls
  A kraken simulacrum (Shoals:4)
  A wizard (Vaults:3)
  16 orc knights
  A golden dragon skeleton (Depths:4)
  14 harpies
  21 deep elf archers
  5 phantasmal warriors
  2 lindwurms (Depths:1)
  8 necromancers
  23 ironbrand convokers
  6 orc sorcerers
  28 wolf spiders
  2 wolf spider zombies
  28 ugly things
  2 stone giant zombies
  14 orb spiders
  8 cyclopes
  8 shining eyes
  70 deep elf magi
  A moth of wrath (shapeshifter) (Depths:2)
  167 slime creatures
  A salamander (Depths:2)
  2 moths of wrath
  8 fauns (Shoals:3)
  18 elephants
  4 oklob plants (Lair:5)
  10 manticores
  3 guardian serpents (Depths:1)
  5 water nymphs
  13 vault sentinels
  9 merfolk sirens
  Maurice (Orc:1)
  A naga mage (Depths:1)
  A torpor snail (shapeshifter) (Vaults:3)
  A storm dragon simulacrum (Depths:4)
  A water nymph (shapeshifter) (Vaults:5)
  13 spiny frogs
  11 black mambas
  4 eyes of devastation
  5 spectral swamp worms (Depths:1)
  An ice statue (IceCv)
  11 komodo dragons
  A yaktaur zombie (Vaults:2)
  7 rime drakes
  12 tengu conjurers
  2 ice devils (D:12)
  46 yaktaurs
  11 freezing wraiths
  A komodo dragon (shapeshifter) (Vaults:4)
  2 yaktaurs (shapeshifter)
  An efreet (D:13)
  11 demonic crawlers
  A redback zombie (D:13)
  A spriggan skeleton (D:15)
  4 harpy zombies (Shoals:3)
  17 polar bears
  A yaktaur skeleton (Vaults:2)
  A meliai (shapeshifter) (Vaults:3)
  19 trolls
  A jumping spider (shapeshifter) (Vaults:1)
  37 merfolk
  A queen bee (Depths:2)
  2 tengu simulacra (Vaults:3)
  48 jumping spiders
  2 saltlings (Elf:1)
  4 wind drakes
  16 blink frogs
  4 small abominations
  An ice dragon zombie (D:15)
  15 hornets
  A blink frog (shapeshifter) (Depths:5)
  A slime creature (shapeshifter) (Depths:2)
  A raiju (shapeshifter) (Vaults:1)
  17 dream sheep
  11 snapping turtles
  A deep troll zombie (D:15)
  8 hippogriffs
  A meliai zombie (D:15)
  2 redbacks (shapeshifter)
  83 redbacks
  10 air elementals
  2 wyverns
  7 spriggans
  A vampire (D:12)
  59 yaks
  25 tarantellas
  26 water elementals
  14 wraiths
  3 fire elementals
  15 humans
  A golden eye (shapeshifter) (Vaults:5)
  A human (shapeshifter) (Depths:1)
  2 basilisks (Lair:6)
  A hog (Spider:1)
  10 golden eyes
  A steam dragon (Lair:6)
  2 hungry ghosts
  8 wargs
  Menkaure (D:5)
  2 elf skeletons (Depths:4)
  15 nagas (Depths:1)
  A soldier ant (Spider:1)
  13 water moccasins
  6 acid dragons
  A floating eye (Depths:2)
  Duvessa (D:7)
  9 porcupines
  A floating eye (shapeshifter) (Vaults:5)
  A swamp drake (Lair:6)
  2 ice beasts
  4 sky beasts
  43 orc warriors
  2 black bears
  A black bear (shapeshifter) (Depths:3)
  A necrophage (D:11)
  2 tengu (shapeshifter)
  9 eyes of draining
  3 phantoms
  23 boggarts
  47 ogres
  29 wolves
  A wolf (shapeshifter) (Depths:1)
  15 centaurs
  9 crocodiles
  4 big kobolds
  A wyvern zombie (Ossuary)
  15 bullfrogs
  A gnoll sergeant (D:11)
  2 human skeletons
  Dowan (D:7)
  3 earth elementals
  2 water moccasin zombies (Ossuary)
  3 scorpions
  19 killer bees (Depths:2)
  32 wights
  6 electric eels
  A howler monkey (D:6)
  4 bullfrog zombies
  7 crimson imps
  10 centaur zombies
  7 hounds
  A bullfrog skeleton (D:5)
  4 jellies
  19 orc priests
  Crazy Yiuf (D:5)
  6 centaur skeletons
  10 mummies
  A gnoll shaman (D:6)
  Ijyb (D:3)
  Terence (D:2)
  26 orc wizards
  Natasha (thrice) (D:2)
  6 iguanas
  12 worker ants
  A hound zombie (Ossuary)
  A hound skeleton (D:6)
  4 howler monkey zombies
  Robin (D:3)
  4 worker ant zombies
  20 adders
  13 gnolls
  7 shadow imps
  An adder zombie (Ossuary)
  3 worms (D:2)
  2 dart slugs
  10 leopard geckos
  100 orcs
  A ball python (Depths:1)
  6 bats
  6 giant cockroaches
  18 goblins
  11 hobgoblins
  8 jackals
  7 kobolds
  4 quokkas
  2 frilled lizards
  A giant cockroach zombie (Ossuary)
  A jackal skeleton (D:4)
  A jackal zombie (Ossuary)
  A leopard gecko zombie (D:7)
  A quokka skeleton (D:4)
  2 quokka zombies
  8 rats
  9 crawling corpses (Vaults:5)
  4 tentacles (Shoals:3)
2632 creatures vanquished.

Vanquished Creatures (collateral kills)
  Rupert (D:12)
  A titan (Vaults:5)
  An acid blob (Slime:5)
  A tengu reaver (Vaults:5)
  An azure jelly (Slime:5)
  A fire giant (Vaults:5)
  A stone giant (Vaults:3)
  A death ooze (Slime:5)
  5 two-headed ogres
  A wolf spider (Vaults:3)
  A phantasmal warrior (Vaults:2)
  A freezing wraith (Vaults:5)
  2 yaktaurs (Vaults:4)
  A fire giant simulacrum (Vaults:3)
  3 humans (D:12)
  A worker ant (D:13)
  An orc (Vaults:3)
24 creatures vanquished.

Vanquished Creatures (others)
  A deep elf master archer (Elf:3)
  A fire giant (Depths:5)
  3 merfolk javelineers
  A yaktaur captain (Depths:5)
  A vault guard (Vaults:5)
  2 satyrs
  A centaur warrior (Depths:2)
  2 deep elf knights
  2 deep elf archers (Elf:2)
  2 fauns (Shoals:3)
  A manticore (Shoals:3)
  A torpor snail (Spider:3)
  13 yaktaurs
  A slime creature (Slime:1)
  A snapping turtle (Shoals:3)
  2 air elementals (Depths:5)
  A human (Spider:1)
  A wraith (Vaults:4)
  A naga (Depths:1)
  An orc warrior (Vaults:5)
  2 centaurs
  A worker ant (Spider:1)
  15 fungi
  21 plants
  11 tentacles
89 creatures vanquished.

Grand Total: 2745 creatures vanquished

Notes
Turn   | Place    | Note
-------+----------+-------------------------------------------
     0 | D:1      | renl the Formicid Fighter began the quest for the Orb.
     0 | D:1      | Reached XP level 1. HP: 18/18 MP: 1/1
   283 | D:1      | Reached XP level 2. HP: 24/24 MP: 2/2
   886 | D:1      | Reached XP level 3. HP: 29/29 MP: 3/3
  1065 | D:2      | Reached XP level 4. HP: 19/37 MP: 4/4
  1081 | D:2      | Noticed Terence
  1101 | D:2      | Killed Terence
  1154 | D:2      | Noticed Natasha
  1164 | D:2      | Killed Natasha
  1164 | D:2      | Reached XP level 5. HP: 18/42 MP: 5/5
  1364 | D:2      | Reached skill level 4 in Fighting
  1556 | D:2      | Noticed Natasha
  1563 | D:2      | Killed Natasha
  1638 | D:2      | Noticed Natasha
  1649 | D:2      | Killed Natasha
  1717 | D:3      | Noticed Robin
  1760 | D:3      | Reached XP level 6. HP: 48/48 MP: 6/6
  1765 | D:3      | Killed Robin
  1959 | D:3      | Noticed Ijyb
  1975 | D:3      | Killed Ijyb
  2202 | D:3      | Found a white marble altar of Elyvilon.
  2315 | D:3      | Found a bloodstained altar of Trog.
  2441 | D:4      | Found a staircase to the Ecumenical Temple.
  2449 | Temple   | Entered the Ecumenical Temple
  2833 | D:4      | Noticed a phantom
  2864 | D:4      | Killed a phantom
  2864 | D:4      | Reached skill level 5 in Armour
  2864 | D:4      | Reached skill level 5 in Shields
  2864 | D:4      | Reached XP level 7. HP: 23/55 MP: 7/7
  2970 | D:4      | Found a burning altar of Makhleb.
  3257 | D:4      | Found Vyudd's Antique Armour Boutique.
  3740 | D:5      | Entered Level 5 of the Dungeon
  3747 | D:5      | Found a snail-covered altar of Cheibriados.
  3763 | D:5      | Found Eczica's Antique Armour Emporium.
  3845 | D:5      | Reached skill level 5 in Long Blades
  3883 | D:5      | Noticed Menkaure
  3917 | D:5      | Killed Menkaure
  3917 | D:5      | Reached XP level 8. HP: 18/61 MP: 8/8
  4406 | D:5      | Reached skill level 5 in Fighting
  4739 | D:5      | Found a runed door.
  4752 | D:5      | Gained mutation: You are partially covered in icy blue scales. (AC +2) [potion of mutation]
  4752 | D:5      | Gained mutation: You are partially covered in large bone plates. (SH +4) [potion of mutation]
  4753 | D:5      | Noticed Crazy Yiuf
  4768 | D:5      | Killed Crazy Yiuf
  5209 | D:6      | Reached XP level 9. HP: 55/68 MP: 9/9
  5383 | D:6      | Found a basalt altar of Yredelemnul.
  5383 | D:6      | Found a stormy altar of Qazlal.
  5387 | D:6      | Became a worshipper of Qazlal Stormbringer
  5703 | D:7      | Reached skill level 6 in Fighting
  5794 | D:7      | Noticed a dagger
  5795 | D:7      | Noticed a dagger
  5796 | D:7      | Found a hide-covered altar of Uskayaw.
  5838 | D:7      | Found Taghahun's Magic Scroll Shoppe.
  5877 | D:7      | Reached * piety under Qazlal
  5933 | D:7      | Found Piotsati's Assorted Antiques.
  6020 | D:7      | Found Boumi's Distillery.
  6056 | D:7      | Noticed Dowan
  6057 | D:7      | Noticed Duvessa
  6072 | D:7      | Killed Duvessa
  6082 | D:7      | Killed Dowan
  6224 | D:7      | Found Kapsale's Magic Scroll Emporium.
  6565 | D:8      | Reached XP level 10. HP: 74/77 MP: 10/10
  6647 | D:8      | Found a sand-covered staircase.
  6657 | Ossuary  | Entered an ossuary
  6689 | Ossuary  | Reached ** piety under Qazlal
  7172 | D:8      | Found a blossoming altar of Fedhas.
  7305 | D:8      | Reached skill level 10 in Long Blades
  7321 | D:8      | Reached skill level 7 in Fighting
  7373 | D:8      | Found a shadowy altar of Dithmenos.
  7460 | D:8      | Reached *** piety under Qazlal
  7792 | D:9      | Noticed a two-headed ogre
  8056 | D:9      | Killed a two-headed ogre
  8056 | D:9      | Reached skill level 10 in Shields
  8056 | D:9      | Reached XP level 11. HP: 31/84 MP: 11/11
  8146 | D:9      | Reached skill level 1 in Invocations
  8268 | D:9      | Found a staircase to the Orcish Mines.
  8392 | D:9      | Noticed a two-headed ogre
  8398 | D:9      | Killed a two-headed ogre
  8475 | D:10     | Entered Level 10 of the Dungeon
  8496 | D:10     | Reached skill level 1 in Dodging
  8539 | D:10     | Got a steaming whip {holy}
  8542 | D:10     | Identified the +4 whip of Fimbulwinter {holy, rN+ MR+} (You took it off a centaur on level 10 of the Dungeon)
  8552 | D:10     | Found Rukhirul's Antique Weapon Emporium.
  8603 | D:10     | Noticed a centaur warrior
  8611 | D:10     | Killed a centaur warrior
  8695 | D:10     | Reached skill level 8 in Fighting
  8756 | D:10     | Noticed Josephine
  8777 | D:10     | Killed Josephine
  8778 | D:10     | Reached **** piety under Qazlal
  8982 | D:10     | Found a deep blue altar of Sif Muna.
  9065 | D:11     | Found a staircase to the Lair.
  9065 | D:11     | Noticed an unseen horror
  9074 | D:11     | Killed an unseen horror
  9074 | D:11     | Reached XP level 12. HP: 94/94 MP: 15/15
  9081 | D:11     | Reached skill level 5 in Invocations
  9094 | D:11     | Noticed an unseen horror
  9103 | D:11     | Killed an unseen horror
  9579 | D:12     | Noticed a death knight
  9607 | D:12     | Reached skill level 9 in Fighting
  9697 | D:12     | Noticed a skeletal warrior
  9729 | D:12     | Killed a death knight
  9747 | D:12     | Killed a skeletal warrior
  9817 | D:12     | Noticed an unseen horror
  9985 | D:12     | Killed an unseen horror
 10176 | D:12     | Noticed a two-headed ogre
 10181 | D:12     | Killed a two-headed ogre
 10181 | D:12     | Reached XP level 13. HP: 68/102 MP: 18/18
 10257 | D:12     | Found a frozen archway.
 10273 | IceCv    | Entered an ice cave
 10287 | IceCv    | Reached ***** piety under Qazlal
 10399 | IceCv    | Reached skill level 10 in Fighting
 10824 | IceCv    | Noticed a frost giant
 10838 | IceCv    | Killed a frost giant
 11330 | D:12     | Noticed a three-headed hydra
 11348 | D:12     | Killed a seven-headed hydra
 11348 | D:12     | Reached skill level 15 in Long Blades
 11506 | D:13     | Noticed Snorg
 11515 | D:13     | Killed Snorg
 11515 | D:13     | Reached skill level 11 in Fighting
 11515 | D:13     | Reached XP level 14. HP: 111/113 MP: 20/20
 11522 | D:13     | Noticed Sonja
 11579 | D:13     | Killed Sonja
 11681 | D:13     | Noticed Rupert
 11683 | D:13     | Noticed Urug
 11814 | D:12     | Killed Rupert
 11814 | D:12     | Reached skill level 10 in Invocations
 12579 | D:12     | Reached skill level 10 in Armour
 12612 | D:12     | Killed Urug
 13383 | D:13     | Found a gate to the Vaults.
 13792 | D:14     | Found a sacrificial altar of Ru.
 14082 | D:15     | Entered Level 15 of the Dungeon
 14238 | D:15     | Reached XP level 15. HP: 105/120 MP: 23/23
 14879 | D:15     | Found a staircase to the Depths.
 14994 | D:15     | Found Hetzuly's Specialty Armours.
 15048 | D:15     | Reached skill level 12 in Fighting
 15666 | Lair:1   | Entered Level 1 of the Lair of Beasts
 16310 | Lair:2   | Noticed Fannar
 16345 | Lair:2   | Killed Fannar
 16400 | Lair:2   | Found a hole to the Spider Nest.
 17681 | Lair:3   | Identified 3 scrolls of acquirement
 18261 | Lair:4   | Found a staircase to the Shoals.
 18341 | Lair:4   | Reached ****** piety under Qazlal
 19206 | Lair:5   | Reached XP level 16. HP: 114/129 MP: 25/25
 19259 | Lair:5   | Found a staircase to the Slime Pits.
 19263 | Lair:5   | Found a viscous altar of Jiyva.
 19772 | Lair:5   | You fall through a shaft!
 19772 | Lair:6   | Entered Level 6 of the Lair of Beasts
 19791 | Lair:6   | Reached skill level 13 in Fighting
 20200 | Lair:5   | You fall through a shaft!
 21678 | Orc:1    | Entered Level 1 of the Orcish Mines
 21680 | Orc:1    | Found a bloodstained altar of Trog.
 21752 | Orc:1    | Noticed Maurice
 21755 | Orc:1    | Killed Maurice
 22338 | Orc:2    | Entered Level 2 of the Orcish Mines
 22571 | Orc:2    | Reached XP level 17. HP: 138/138 MP: 27/27
 22770 | Orc:2    | Reached skill level 14 in Fighting
 22779 | Orc:2    | Found Xumaffuo's Assorted Antiques.
 22782 | Orc:2    | Found Soympaw's Distillery.
 22783 | Orc:2    | Found Dinlafay's Book Shop.
 22790 | Orc:2    | Bought a potion of heal wounds for 80 gold pieces
 22790 | Orc:2    | Bought a potion of heal wounds for 80 gold pieces
 22793 | Orc:2    | Found Uckynnut's Antique Weapon Emporium.
 23004 | Orc:2    | Found a staircase to the Elven Halls.
 23552 | Spider:1 | Entered Level 1 of the Spider Nest
 23678 | Spider:1 | Noticed Kirke
 23688 | Spider:1 | Noticed Frances
 23688 | Spider:1 | Killed Kirke
 23698 | Spider:1 | Killed Frances
 24108 | Spider:1 | Noticed Agnes
 24142 | Spider:1 | Killed Agnes
 24953 | Spider:2 | Reached XP level 18. HP: 147/147 MP: 28/28
 25101 | Spider:2 | Noticed Asterion
 25113 | Spider:2 | Killed Asterion
 25764 | Spider:3 | Reached skill level 15 in Fighting
 26180 | Spider:4 | Entered Level 4 of the Spider Nest
 26224 | Spider:4 | Noticed Bai Suzhen
 26228 | Spider:4 | Noticed Donald
 26229 | Spider:4 | Killed Bai Suzhen
 26229 | Spider:4 | Reached skill level 15 in Invocations
 26247 | Spider:4 | Killed Donald
 26265 | Spider:4 | Noticed Zdeegee's ghost (journeyman MiFi)
 26290 | Spider:4 | Killed Zdeegee's ghost
 26469 | Spider:4 | Noticed Arachne
 26500 | Spider:4 | Killed Arachne
 27015 | Spider:4 | Reached skill level 5 in Dodging
 27128 | Spider:4 | Reached XP level 19. HP: 115/156 MP: 0/30
 27347 | Spider:4 | Got a gossamer rune of Zot
 27709 | Shoals:1 | Entered Level 1 of the Shoals
 28569 | Shoals:2 | Reached skill level 16 in Fighting
 28702 | Shoals:2 | Got a dazzling shield
 28713 | Shoals:2 | Identified the +7 shield of Okawaru's Displeasure {*Corrode +Blink Dex+3 Stlth+} (You found it on level 2 of the Shoals)
 29154 | Shoals:3 | Got a faintly glowing plate armour
 29175 | Shoals:2 | Identified the +6 plate armour of the Snake Pit {+Fly rN+ Str+3} (You found it on level 3 of the Shoals)
 29431 | Shoals:3 | Reached skill level 1 in Evocations
 29908 | Shoals:4 | Entered Level 4 of the Shoals
 29911 | Shoals:4 | Noticed Aizul
 31353 | Shoals:3 | Reached XP level 20. HP: 119/166 MP: 32/32
 31374 | Shoals:4 | Noticed Louise
 31429 | Shoals:4 | Noticed Polyphemus
 31447 | Shoals:3 | Killed Louise
 31627 | Shoals:4 | Noticed Ilsuiw
 31649 | Shoals:4 | Killed Polyphemus
 31669 | Shoals:3 | Killed Ilsuiw
 32207 | Shoals:4 | Killed Aizul
 32476 | Shoals:4 | Reached skill level 17 in Fighting
 32728 | Shoals:4 | Found Gaempapa's Weapon Shop.
 32769 | Shoals:4 | Got a barnacled rune of Zot
 32794 | Shoals:4 | Found Juontei's Food Shoppe.
 33419 | Elf:1    | Entered Level 1 of the Elven Halls
 33538 | Elf:1    | Found a portal to a secret trove of treasure.
 33828 | Elf:1    | Identified Sihigamo's Almanac of Calling
 34215 | Elf:1    | Reached XP level 21. HP: 176/176 MP: 33/33
 34855 | Elf:2    | Found a flickering gateway to a bazaar.
 34890 | Bazaar   | Entered a bazaar
 34890 | Bazaar   | Found Lunnoto's Jewellery Shop.
 34906 | Bazaar   | Found Kefuh's Book Boutique.
 34935 | Bazaar   | Found Yfocha's Antique Armour Shop.
 34943 | Bazaar   | Found Aguh's Magic Scroll Boutique.
 34993 | Elf:2    | Reached skill level 18 in Fighting
 35121 | Elf:2    | Found a runed gate.
 35125 | Elf:2    | Found a runed gate.
 35127 | Elf:2    | Found a runed gate.
 35929 | Elf:3    | Entered Level 3 of the Elven Halls
 35992 | Elf:3    | Found Jodgho's Armour Emporium.
 36418 | Elf:3    | Reached skill level 19 in Fighting
 36841 | Elf:3    | Reached XP level 22. HP: 185/188 MP: 35/35
 36855 | Elf:3    | Got a jewelled falchion {slice}
 36857 | Elf:3    | Identified the +1 falchion of Accidental Termination {slice, Dex+3} (You took it off a deep elf death mage on level 3 of the Elven Halls)
 36988 | Elf:3    | Got a pair of scorched boots
 36999 | Elf:3    | Identified the +1 pair of boots of Odwoahih {*Contam rF++} (You found it on level 3 of the Elven Halls)
 37083 | Elf:3    | Identified Lehudib's Reference Book on Combat Magic and the Mountains
 37130 | Elf:3    | Identified Sif Muna's Tome of Arcane Weapons and the Frostbite
 37654 | Vaults:1 | Entered Level 1 of the Vaults
 37959 | Vaults:1 | Reached skill level 20 in Fighting
 37962 | Vaults:1 | Cast into level 3 of the Abyss (a deep elf demonologist)
 37969 | Vaults:1 | Escaped the Abyss
 39541 | Vaults:2 | Reached skill level 21 in Fighting
 39613 | Vaults:2 | Reached skill level 15 in Armour
 39613 | Vaults:2 | Reached XP level 23. HP: 160/200 MP: 18/36
 40208 | Vaults:2 | Found a staircase to the Crypt.
 40232 | Vaults:2 | Noticed Frederick
 40240 | Vaults:2 | Killed Frederick
 40395 | Vaults:2 | Found Waunk's Food Boutique.
 40751 | Vaults:3 | Noticed Wingnut's ghost (adept HOFi)
 40804 | Vaults:3 | Killed Wingnut's ghost
 41320 | Vaults:3 | Reached skill level 22 in Fighting
 42062 | Vaults:3 | Found Siata's Antique Weapon Shoppe.
 42386 | Vaults:4 | Reached XP level 24. HP: 169/212 MP: 37/37
 42414 | Vaults:4 | Found Maerr's Antique Armour Shop.
 42642 | Vaults:4 | Reached skill level 23 in Fighting
 43561 | Vaults:5 | Entered Level 5 of the Vaults
 43591 | Vaults:5 | Noticed a golden dragon
 43599 | Vaults:5 | Killed a golden dragon
 43600 | Vaults:5 | Reached XP level 25. HP: 82/223 MP: 9/37
 43611 | Vaults:5 | Reached skill level 24 in Fighting
 44460 | Vaults:5 | Noticed an ancient lich
 44762 | Vaults:4 | Killed an ancient lich
 44993 | Vaults:5 | Got a crude scale mail
 45077 | Vaults:5 | Identified the cursed +1 scale mail "Raimp" {+Blink MR- rCorr Dex-4 SInv} (You found it on level 5 of the Vaults)
 45115 | Vaults:5 | Got an ancient jade amulet
 45117 | Vaults:5 | Identified the amulet of Rat Fyho {rF+ Regen+} (You took it off a deep elf demonologist on level 5 of the Vaults)
 45344 | Vaults:5 | Noticed an ancient lich
 45358 | Vaults:5 | Killed an ancient lich
 45369 | Vaults:5 | HP: 6/226 [death knight/enchanted halberd (15)]
 45880 | Vaults:5 | Reached XP level 26. HP: 196/234 MP: 38/38
 45920 | Vaults:5 | Reached skill level 25 in Fighting
 45951 | Vaults:5 | Got a polished chain mail
 45983 | Vaults:5 | Identified the +11 chain mail "Jaikil" {+Inv rC+ Slay-3 SInv} (You found it on level 5 of the Vaults)
 46320 | Vaults:5 | Got a faintly glowing scimitar
 46322 | Vaults:5 | Identified the cursed +3 scimitar of Hudd {elec, rF+ rC+ Str+2} (You found it on level 5 of the Vaults)
 46399 | Vaults:5 | Got a faintly glowing ring mail
 46410 | Vaults:5 | Identified the +2 ring mail "Igutwoal" {rF+ Regen+ Dex+4} (You found it on level 5 of the Vaults)
 46682 | Vaults:5 | Got a silver rune of Zot
 46685 | Vaults:5 | Identified the Guide on Unstable Envenoming
 46787 | Vaults:5 | Got a pair of jewelled gloves
 46798 | Vaults:5 | Identified the cursed +0 pair of gloves of Sloth {rN+ Slay+3} (You found it on level 5 of the Vaults)
 47058 | Depths:1 | Entered Level 1 of the Depths
 47712 | Depths:1 | Found a gateway to Hell.
 47854 | Depths:1 | Found Uterywn's Food Shoppe.
 48227 | Depths:1 | Got a shimmering leather armour
 48238 | Depths:1 | Identified the cursed +0 leather armour of Udwem {rCorr MP+9 Str+9 Dex-4} (You found it on level 1 of the Depths)
 49027 | Depths:2 | Reached skill level 26 in Fighting
 49085 | Depths:2 | Reached skill level 5 in Evocations
 49211 | Depths:2 | Found a runed door.
 49376 | Depths:2 | Reached XP level 27. HP: 208/245 MP: 38/38
 49947 | Depths:2 | Identified Sif Muna's Tome of Mutagenic Evil Arts
 49959 | Depths:2 | Found a gateway to a ziggurat.
 49973 | Depths:2 | Identified Sif Muna's Incunabulum of Igneous Transmutation
 51116 | Depths:3 | Noticed Xtahua
 51141 | Depths:3 | Killed Xtahua
 51200 | Depths:3 | Found a one-way gate leading to the halls of Pandemonium.
 51235 | Depths:3 | Found a one-way gate to the infinite horrors of the Abyss.
 51240 | Depths:3 | Found an opulent altar of Gozag.
 51259 | Depths:3 | Reached skill level 27 in Fighting
 51612 | Depths:3 | Identified the Almanac of Darkness and Transmutation
 52508 | Depths:4 | Noticed Saint Roka
 52536 | Depths:4 | Killed Saint Roka
 53118 | Depths:5 | Entered Level 5 of the Depths
 53506 | Depths:5 | Noticed Jorgrun
 53722 | Depths:5 | Killed Jorgrun
 54369 | Depths:5 | Found a gate to the Realm of Zot.
 54390 | Depths:5 | Noticed kinenseiburu's ghost (legendary HOMo)
 54446 | Depths:5 | Killed kinenseiburu's ghost
 55547 | Slime:1  | Entered Level 1 of the Pits of Slime
 55553 | Slime:1  | Gained mutation: You do not regenerate when monsters are visible. [a shining eye]
 55801 | Slime:1  | Gained mutation: Your magical capacity is low. (-10% MP) [a shining eye]
 55803 | Slime:1  | Gained mutation: Your body sometimes deteriorates upon taking damage. [a shining eye]
 56219 | Slime:1  | Lost mutation: Your magical capacity is low. (-10% MP) [potion of mutation]
 56219 | Slime:1  | Lost mutation: You are partially covered in icy blue scales. (AC +2) [potion of mutation]
 56219 | Slime:1  | Lost mutation: Your body sometimes deteriorates upon taking damage. [potion of mutation]
 56219 | Slime:1  | Gained mutation: You are surrounded by a mild repulsion field. (EV +2) [potion of mutation]
 56219 | Slime:1  | Gained mutation: Your spells are a little harder to cast, but a little more powerful. [potion of mutation]
 56219 | Slime:1  | Gained mutation: You are mostly covered in large bone plates. (SH +6) [potion of mutation]
 56220 | Slime:1  | Lost mutation: Your spells are a little harder to cast, but a little more powerful. [potion of mutation]
 56220 | Slime:1  | Lost mutation: You are surrounded by a mild repulsion field. (EV +2) [potion of mutation]
 56220 | Slime:1  | Lost mutation: You do not regenerate when monsters are visible. [potion of mutation]
 56220 | Slime:1  | Lost mutation: You are mostly covered in large bone plates. (SH +6) [potion of mutation]
 56220 | Slime:1  | Gained mutation: Your magical capacity is low. (-10% MP) [potion of mutation]
 56220 | Slime:1  | Gained mutation: Your mind is acute. (Int +2) [potion of mutation]
 56853 | Slime:2  | Reached skill level 10 in Dodging
 57616 | Slime:1  | Gained mutation: You do not regenerate when monsters are visible. [a shining eye]
 58666 | Slime:4  | Gained mutation: Your body sometimes deteriorates upon taking damage. [a shining eye]
 58701 | Slime:3  | Lost mutation: You do not regenerate when monsters are visible. [potion of mutation]
 58701 | Slime:3  | Lost mutation: You are partially covered in large bone plates. (SH +4) [potion of mutation]
 58701 | Slime:3  | Lost mutation: Your mind is acute. (Int +2) [potion of mutation]
 58701 | Slime:3  | Lost mutation: Your body sometimes deteriorates upon taking damage. [potion of mutation]
 58701 | Slime:3  | Gained mutation: Your mind is acute. (Int +2) [potion of mutation]
 58701 | Slime:3  | Gained mutation: You are partially covered in rugged brown scales. (AC +1, +3% HP) [potion of mutation]
 59586 | Slime:5  | Entered Level 5 of the Pits of Slime
 59942 | Slime:5  | Gained mutation: You are weak. (Str -2) [a shining eye]
 59943 | Slime:5  | Gained mutation: You do not regenerate when monsters are visible. [a shining eye]
 59994 | Slime:5  | Noticed the Royal Jelly
 60654 | Slime:5  | Killed the Royal Jelly
 60656 | Slime:5  | Mangled by an azure jelly

Skill      XL: |  1  2  3  4  5  6  7  8  9 10 11 12 13 14 15 16 17 18 19 20 21 22 23 24 25 26 27 |
---------------+----------------------------------------------------------------------------------+-----
Armour         | 4 5 6 7 8 9 10 11 12 13 14 15 16 17 23 | 23.1
Long Blades    | 3 4 5 7 8 10 12 13 15 16 17 18 19 20 21 | 21.3
Shields        | 4 5 6 8 10 | 10.2
Fighting       | 4 5 6 7 8 9 11 12 13 14 15 16 17 19 21 22 23 24 26 27 | 27.0
Invocations    | 4 7 9 11 12 13 14 15 16 17 18 19 20 22 25 | 25.2
Dodging        | 1 3 4 5 6 7 10 | 10.6
Evocations     | 2 4 5 |  5.3

Action                   |  1- 3 |  4- 6 |  7- 9 | 10-12 | 13-15 | 16-18 | 19-21 | 22-24 | 25-27 || total
-------------------------+-------+-------+-------+-------+-------+-------+-------+-------+-------++-------
Melee: Long sword        |    98 |   236 |   470 |   340 |       |       |       |       |       ||  1144
       Great sword       |       |       |       |   382 |   963 |  1394 |  1387 |  1435 |  2737 ||  8298
       Scimitar          |       |       |       |       |   157 |    13 |       |       |       ||   170
       Demon blade       |       |       |       |       |       |       |       |     5 |       ||     5
Throw: Javelin           |       |       |       |     6 |       |       |       |    16 |     2 ||    24
Invok: Elemental Force   |       |       |       |       |     5 |       |       |     8 |     2 ||    15
       Upheaval          |       |       |       |       |     2 |    12 |     6 |    15 |     6 ||    41
       Disaster Area     |       |       |       |       |       |     6 |     3 |     6 |     5 ||    20
 Abil: Dig               |       |     7 |    16 |    12 |    28 |    46 |    34 |     1 |    29 ||   173
       Shaft Self        |       |       |       |       |       |     1 |       |       |       ||     1
       Evoke Flight      |       |       |       |       |       |       |    26 |       |     3 ||    29
       Stop Flying       |       |       |       |       |       |       |     1 |       |       ||     1
  Use: Scroll            |       |       |    14 |     7 |     8 |     3 |     2 |     1 |     9 ||    44
       Potion            |       |       |     1 |     3 |     3 |     6 |     2 |     2 |    18 ||    35
 Stab: Distracted        |       |       |       |       |       |     1 |       |     3 |     1 ||     5
       Held in net/web   |       |       |       |       |       |     1 |       |       |       ||     1
       Petrified         |       |       |       |       |       |       |     2 |       |       ||     2
       Confused          |       |       |       |       |       |       |       |       |     2 ||     2
  Eat: Chunk             |     1 |     7 |    14 |    17 |    33 |    31 |    55 |    23 |   204 ||   385
       Fruit             |       |       |       |       |     2 |       |       |       |    10 ||    12
       Bread ration      |       |       |       |       |       |     1 |       |       |       ||     1
Armor: Scale mail        |    32 |    69 |    38 |       |   135 |    65 |       |       |       ||   339
       Chain mail        |       |       |    30 |       |       |   187 |    58 |       |       ||   275
       Plate armour      |       |       |    19 |   131 |   119 |       |   310 |   284 |  1048 ||  1911
       Swamp dragon scal |       |       |       |       |       |    14 |       |       |       ||    14
Dodge: Dodged            |    32 |    59 |    87 |    68 |   171 |   272 |   315 |   269 |   797 ||  2070
       Deflected         |       |       |       |     1 |     6 |     3 |    49 |    15 |    64 ||   138
Block: Shield            |    49 |   106 |   288 |   524 |  1090 |  1290 |  1224 |  1249 |  2955 ||  8775
       Reflection        |       |       |       |       |       |     3 |   153 |    89 |   125 ||   370
       Rpst.: Long sword |    11 |    20 |    28 |     5 |       |       |       |       |       ||    64
       Great sword       |       |       |       |     8 |    36 |    52 |    64 |    46 |   127 ||   333
       Scimitar          |       |       |       |       |     5 |       |       |       |       ||     5
